 Dungeon Crawl Stone Soup version 0.27-a0-277-g024f7ef292 (webtiles) character file.

Game seed: 1930187783139470231

11162 Murumi the Thrower (level 11, 0/115 HPs)
             Began as an Ogre Conjurer on Feb 5, 2021.
             Was a High Priest of Okawaru.
             Slain by a six-headed hydra (12 damage)
             ... on level 1 of the Lair of Beasts on Feb 6, 2021.
             The game lasted 01:13:10 (18665 turns).

Murumi the Thrower (Ogre Conjurer)                 Turns: 18665, Time: 01:13:12

Health: 0/115      AC:  7    Str: 16    XL:     11   Next: 73%
Magic:  4/15       EV: 14    Int: 19    God:    Okawaru [*****.]
Gold:   162        SH:  0    Dex: 13    Spells: 14/16 levels left

rFire    . . .     SeeInvis .   d - +2 whip (flame)
rCold    . . .     Faith    +   (no shield)
rNeg     . . .     Spirit   .   y - +2 robe {Will+}
rPois    +         Reflect  .   (helmet restricted)
rElec    .         Harm     .   A - +1 cloak
rCorr    .         Rampage  .   (gloves unavailable)
Will     ++...                  (boots unavailable)
Stlth    +++++.....             F - amulet of faith
HPRegen  0.29/turn              t - ring of poison resistance
MPRegen  0.14/turn              L - +6 ring of dexterity

@: heroism
A: large, unfitting armour, tough skin 1
a: Renounce Religion, Heroism, Finesse


You were on level 1 of the Lair of Beasts.
You worshipped Okawaru.
Okawaru was extremely pleased with you.
You visited 3 branches of the dungeon, and saw 12 of its levels.
You also visited: Bailey.

You collected 750 gold pieces.
You spent 588 gold pieces at shops.

Inventory:

Hand Weapons
 d - a +2 whip of flaming (weapon)
 g - a +0 flail
Missiles
 b - 221 stones
 l - 5 boomerangs of dispersal
 m - 79 boomerangs
 q - 25 poisoned darts (quivered)
 s - 10 curare-tipped darts
 K - 4 javelins
Armour
 y - a +2 robe of willpower (worn)
 A - a +1 cloak (worn)
Jewellery
 n - an uncursed ring of protection from fire
 t - a ring of poison resistance (left hand)
 z - a +4 ring of protection
 F - an amulet of faith (around neck)
 L - a +6 ring of dexterity (right hand)
Wands
 k - a wand of flame (36)
 B - a wand of mindburst (17)
 G - a wand of iceblast (7)
 H - a wand of random effects (9)
Scrolls
 i - 4 scrolls of remove curse
 o - 3 scrolls of blinking
 p - 4 scrolls of teleportation
 r - 2 scrolls of amnesia
 u - 2 scrolls of enchant armour
 x - a scroll of fear
 I - a scroll of magic mapping
Potions
 a - 5 potions of magic
 c - 12 potions of curing
 e - 2 potions of brilliance
 f - 2 potions of might
 h - 3 potions of flight
 j - 6 potions of heal wounds
 v - 2 potions of mutation
 w - a potion of ambrosia
 C - a potion of berserk rage {unknown}
 D - a potion of experience {unknown}
 E - a potion of cancellation {unknown}
Miscellaneous
 J - a phial of floods


   Skills:
 - Level 9.0(14.0) Fighting
 - Level 9.0(14.0) Maces & Flails
 + Level 9.0(14.0) Throwing
 - Level 2.0(7.0) Armour
 - Level 4.0(9.0) Dodging
 - Level 7.0(12.0) Stealth
 - Level 3.0 Spellcasting
 - Level 4.0 Conjurations
 - Level 3.0 Invocations
 - Level 2.0 Evocations


You had 14 spell levels left.
You knew the following spells:

 Your Spells              Type           Power        Failure   Level
b - Searing Ray           Conj           36%          4%          2

Your spell library contained the following spells:

 Spells                   Type           Power        Failure   Level
 Magic Dart               Conj           72%          3%          1
 Animate Skeleton         Necr           4%           16%         1
 Apportation              Tloc           4%           16%         1
 Corona                   Hex            2%           16%         1
 Pain                     Necr           8%           16%         1
 Summon Small Mammal      Summ           8%           16%         1
 Dazzling Flash           Conj/Hex       20%          21%         3
 Vampiric Draining        Necr           1%           41%         3
 Fulminant Prism          Conj/Hex       5%           54%         4
 Iskenderun's Mystic Bla  Conj/Tloc      10%          54%         4
 Animate Dead             Necr           1%           83%         4
 Irradiate                Conj/Tmut      5%           88%         5
 Agony                    Necr           2%           99%         5
 Hydra Form               Tmut           1%           100%        6
 Statue Form              Tmut/Erth      1%           100%        6
 Dragon Form              Tmut           1%           100%        7


Dungeon Overview and Level Annotations

Branches:
Dungeon (10/15)            Temple (1/1) D:6            Lair (1/6) D:10
 Bailey (visited)
    Orc: D:9-12

Altars:
Ashenzari
Cheibriados
Dithmenos
Elyvilon
Fedhas
Gozag
Hepliaklqana
Kikubaaqudgha
Makhleb
Nemelex Xobeh
Okawaru
Qazlal
Ru
Sif Muna
Trog
Uskayaw
Vehumet
Wu Jian
Xom
Yredelemnul
Zin
The Shining One

Shops:
D:7 =   D:9 [

Annotations:
D:7 2 runed translucent doors, VeinyPole's ghost, novice OpBe
D:10 2 transporters, VeinyPole's ghost, journeyman OpBe


Innate Abilities, Weirdness & Mutations

You are too large for most types of armour.
You have tough skin. (AC +1)


Message History

The six-headed hydra bites you! The six-headed hydra barely misses you.
The searing ray hits the six-headed hydra!
The six-headed hydra is severely wounded.
The six-headed hydra bites you but does no damage.
The six-headed hydra bites you!
* * * LOW HITPOINT WARNING * * *
The six-headed hydra bites you but does no damage.
The six-headed hydra barely misses you. The six-headed hydra bites you.
* * * LOW HITPOINT WARNING * * *
The six-headed hydra bites you!
* * * LOW HITPOINT WARNING * * *
Unknown command.
The searing ray hits the six-headed hydra.
The six-headed hydra is almost dead.
You finish channeling your searing ray.
The six-headed hydra bites you but does no damage.
The six-headed hydra barely misses you. The six-headed hydra bites you.
* * * LOW HITPOINT WARNING * * *
The six-headed hydra bites you!
You die...

..........## #......### ###.....
...........## ##......####.......
............## #.......##...#....
#......).....###............##...
##...............................
##..............................
##.............................
#....................>........
##.###.......@............P###
### ##....##D.........#####
###.##......###### ####.......#
.......P# ##.(.....# ##(....P#
#(...###


You could see a six-headed hydra.

Vanquished Creatures
  Urug (Lair:1)
  2 unseen horrors (D:10)
  Pikel (D:3)
  An orc knight (Bailey)
  Maggie (D:7)
  Joseph (D:8)
  A cane toad (Lair:1)
  5 komodo dragons
  Prince Ribbit (Lair:1)
  8 blink frogs (Lair:1)
  Sigmund (D:2)
  A yak (D:8)
  Eustachio (D:4)
  The ghost of confidenceinterval the Covered, an amateur GnWn of Gozag (D:4)
  2 water moccasins
  Duvessa (D:7)
  4 orc warriors
  2 sky beasts (D:6)
  2 centaurs (D:5)
  A black bear (D:8)
  2 ogres
  2 lemures (D:3)
  2 phantoms
  3 big kobolds
  7 bullfrogs
  Dowan (D:7)
  3 scorpions
  10 killer bees
  5 hounds
  A centaur zombie (D:10)
  4 orc priests
  A centaur skeleton (D:9)
  2 bullfrog skeletons
  A jelly (D:4)
  Ijyb (D:4)
  6 worker ants
  14 orc wizards
  A hound skeleton (D:7)
  22 gnolls
  14 adders
  A shadow imp (D:7)
  3 white imps
  3 ufetubi
  An adder skeleton (D:8)
  An adder zombie (D:6)
  2 worms (D:2)
  A dart slug (D:1)
  4 leopard geckos
  41 orcs
  4 bats
  5 giant cockroaches
  7 goblins
  21 hobgoblins
  16 jackals
  7 quokkas
  6 frilled lizards
  A jackal skeleton (D:5)
  16 kobolds
  2 quokka skeletons
  7 rats
289 creatures vanquished.

Vanquished Creatures (others)
  4 fungi
  26 plants
  4 toadstools (D:1)
34 creatures vanquished.

Grand Total: 323 creatures vanquished

Notes
Turn   | Place    | Note
-------+----------+-------------------------------------------
     0 | D:1      | Murumi the Ogre Conjurer began the quest for the Orb.
     0 | D:1      | Reached XP level 1. HP: 16/16 MP: 3/3
   499 | D:1      | You fall into a shaft and drop 1 floor!
   501 | D:2      | Reached XP level 2. HP: 24/24 MP: 3/5
   528 | D:2      | Noticed Sigmund
   597 | D:2      | Learned a level 2 spell: Searing Ray
  1172 | D:2      | Reached XP level 3. HP: 31/31 MP: 1/7
  1293 | D:2      | Reached skill level 1 in Throwing
  1542 | D:2      | Reached skill level 1 in Maces & Flails
  1542 | D:2      | Reached XP level 4. HP: 40/40 MP: 3/8
  1755 | D:2      | Reached skill level 1 in Fighting
  2399 | D:2      | Killed Sigmund
  2400 | D:2      | Reached XP level 5. HP: 49/49 MP: 1/9
  2400 | D:2      | Reached XP level 6. HP: 57/57 MP: 1/10
  2970 | D:3      | Found a sparkling altar of Nemelex Xobeh.
  3983 | D:4      | Noticed Pikel
  4021 | D:3      | Killed Pikel
  4022 | D:3      | Reached XP level 7. HP: 34/70 MP: 4/11
  4334 | D:4      | Noticed Eustachio
  4392 | D:4      | Reached XP level 8. HP: 78/78 MP: 6/12
  4431 | D:3      | Reached skill level 5 in Throwing
  5176 | D:4      | Noticed Ijyb
  5184 | D:4      | Killed Ijyb
  5283 | D:4      | Killed Eustachio
  5448 | D:4      | Found a runed translucent gate.
  5448 | D:4      | Found a runed translucent gate.
  5448 | D:4      | Found a runed translucent gate.
  5450 | D:4      | Identified the cursed +0 dagger "Dragonslayer" {chaos, rF++
                  | rC++ Str-2}
  5452 | D:4      | Noticed confidenceinterval's ghost (amateur GnWn)
  5531 | D:4      | Found a hazy altar of Hepliaklqana.
  5762 | D:5      | Entered Level 5 of the Dungeon
  5831 | D:5      | Reached skill level 5 in Maces & Flails
  5831 | D:5      | Reached skill level 1 in Evocations
  6573 | D:5      | Found a hazy altar of Hepliaklqana.
  6575 | D:5      | Found a burning altar of Makhleb.
  6575 | D:5      | Found an ancient bone altar of Kikubaaqudgha.
  6583 | D:5      | Found a shimmering altar of Xom.
  6583 | D:5      | Found an ornate altar of the Wu Jian Council.
  6583 | D:5      | Found an ancient bone altar of Kikubaaqudgha.
  6923 | D:5      | Found a glowing golden altar of the Shining One.
  7402 | D:5      | You fall into a shaft and drop 3 floors!
  7427 | D:8      | Reached skill level 5 in Fighting
  7695 | D:7      | Noticed Dowan
  7987 | D:8      | Reached XP level 9. HP: 88/88 MP: 13/13
  8965 | D:7      | Noticed Duvessa
  9326 | D:6      | Found a staircase to the Ecumenical Temple.
  9335 | Temple   | Entered the Ecumenical Temple
  9452 | Temple   | Became a worshipper of Warmaster Okawaru
  9742 | D:6      | Found a stormy altar of Qazlal.
  9757 | D:6      | Reached skill level 5 in Stealth
  9808 | D:6      | Reached skill level 1 in Invocations
 10223 | D:6      | Found a shimmering altar of Xom.
 10382 | D:6      | Found a shadowy altar of Dithmenos.
 10855 | D:7      | Reached * piety under Okawaru
 11185 | D:7      | Killed Duvessa
 11186 | D:7      | Reached XP level 10. HP: 98/98 MP: 10/14
 11187 | D:7      | Killed Dowan
 11405 | D:7      | Noticed Maggie
 11435 | D:7      | Killed Maggie
 11579 | D:7      | Found Zostatai's Jewellery Shoppe.
 11633 | D:7      | Bought a cursed amulet of inaccuracy for 28 gold pieces
 11634 | D:7      | Found a large runed translucent door.
 11634 | D:7      | Found a large runed translucent door.
 11640 | D:7      | Noticed VeinyPole's ghost (novice OpBe)
 11949 | D:7      | Found an iron altar of Okawaru.
 12259 | D:4      | Killed confidenceinterval's ghost
 12260 | D:4      | Reached skill level 1 in Armour
 12672 | D:8      | Noticed Joseph
 12708 | D:8      | Killed Joseph
 12708 | D:8      | Reached ** piety under Okawaru
 13406 | D:9      | Found Vievayt's Antique Armour Boutique.
 13502 | D:9      | Found a flagged portal.
 13541 | Bailey   | Entered a bailey
 13878 | Bailey   | Noticed an orc knight
 13906 | Bailey   | Killed an orc knight
 14533 | D:9      | Found a burning altar of Makhleb.
 14645 | D:9      | Found a blossoming altar of Fedhas.
 14916 | D:7      | Bought an uncursed amulet of faith for 560 gold pieces
 14990 | D:10     | Entered Level 10 of the Dungeon
 15465 | D:10     | Found a staircase to the Lair.
 15501 | D:10     | Found a blossoming altar of Fedhas.
 15727 | D:10     | Reached *** piety under Okawaru
 15864 | D:10     | Found a transporter.
 15895 | D:10     | Killed an unseen horror
 15895 | D:10     | Received a gift from Okawaru
 15896 | D:10     | Reached XP level 11. HP: 65/111 MP: 3/15
 15905 | D:10     | Noticed VeinyPole's ghost (journeyman OpBe)
 16009 | D:10     | Killed an unseen horror
 16214 | D:10     | Received a gift from Okawaru
 16353 | D:10     | Found a transporter.
 16603 | Lair:1   | Entered Level 1 of the Lair of Beasts
 17213 | Lair:1   | Noticed Prince Ribbit
 17226 | Lair:1   | Killed Prince Ribbit
 17247 | Lair:1   | Reached **** piety under Okawaru
 17447 | Lair:1   | Received a gift from Okawaru
 18225 | Lair:1   | Reached ***** piety under Okawaru
 18436 | Lair:1   | Noticed Urug
 18456 | Lair:1   | Killed Urug
 18651 | Lair:1   | Noticed a six-headed hydra
 18665 | Lair:1   | Slain by a six-headed hydra

Illustrated notes

Levels and vault maps discovered:
D:1:      wheals_arrival_shading, layout_basic, hangedman_decor_peaks_small,
          amcnicky_mini_pool_small, minmay_gold_behind_fungi
D:2:      layout_basic, kennysheep_boxes, uniq_sigmund
D:3:      layout_basic, nemelex_xobeh_ov_fountains_minmay, grunt_ministairs_12,
          corexii_leaking_fountain, hex_large, minmay_lizard_king
D:4:      layout_cave_pools, marbit_many_paths, gammafunk_ghost_nasty_kobolds,
          uniq_eustachio, uniq_ijyb, uniq_pikel
D:5:      layout_basic, nicolae_tso_carved_into_rock,
          hangedman_abyss_or_decor_passed, doesnt_xom_only_xom
D:6:      layout_rooms, chequers_temple_overflow_statue_of_worship,
          lemuel_temple_firewalk_b, basic_altar, grunt_decor_mini_mirrors,
          kennysheep_generic_room_5
D:7:      layout_basic, serial_shops, shop, ebering_ghost_disaster_area,
          okawaru_altar_gauntlet_db, uniq_maggie, uniq_duvessa
D:8:      layout_rooms, serial_rivers, chequers_serial_rivers_micro_a,
          chequers_serial_rivers_micro_e, chequers_serial_rivers_large_a,
          chequers_serial_rivers_micro_a, chequers_serial_rivers_small_a,
          minmay_small_thing, uniq_joseph
D:9:      layout_roguey, old_standard_altar, fedhas_altar_1, serial_shops,
          nicolae_shop_behind_doors, enter_bailey_7
D:10:     layout_basic, david_lair_shrubbed, basic_altar,
          gammafunk_ghost_stat_death
Temple:   regret_index_temple_waves
Lair:1:   layout_hall_layers, uniq_urug, uniq_prince_ribbit2

Skill      XL: |  1  2  3  4  5  6  7  8  9 10 11 |
---------------+----------------------------------+-----
Conjurations   | 4 |  4.0
Spellcasting   | 3 |  3.0
Dodging        | 2 3 4 |  4.0
Stealth        | 2 3 4 5 6 7 |  7.0
Throwing       | 1 3 4 6 8 9 |  9.0
Maces & Flails | 1 3 4 5 6 8 9 |  9.0
Fighting       | 2 4 5 6 8 9 |  9.0
Evocations     | 1 2 |  2.0
Invocations    | 2 3 |  3.0
Armour         | 1 2 |  2.0

Action                   |  1- 3 |  4- 6 |  7- 9 | 10-12 || total
-------------------------+-------+-------+-------+-------++-------
Melee: Whip              |       |    42 |   313 |   363 ||   718
       Punch             |       |       |       |     2 ||     2
Throw: Stone             |     1 |    20 |   191 |   173 ||   385
       Throwing net      |       |     2 |       |       ||     2
       Dart              |       |       |    98 |   100 ||   198
       Boomerang         |       |       |     2 |    33 ||    35
 Cast: Magic Dart        |    17 |    64 |       |       ||    81
       Searing Ray       |     7 |    18 |    23 |    28 ||    76
Invok: Heroism           |       |       |       |    11 ||    11
  Use: Scroll            |     4 |     2 |    10 |     5 ||    21
       Potion            |       |     1 |       |     3 ||     4
 Stab: Sleeping          |       |     1 |     2 |    10 ||    13
       Held in net/web   |       |     1 |       |       ||     1
Armor: Robe              |       |    11 |   103 |   141 ||   255
       Skin              |       |    16 |       |       ||    16
Dodge: Dodged            |     1 |    30 |   121 |   146 ||   298

Table legend: (Time is in decaauts)
 A = Elapsed time spent in this place.
 B = Non-inter-level travel time spent in this place.
 C = Inter-level travel time spent in this place.
 D = Time resting spent in this place.
 E = Time spent auto-exploring this place.
 F = Levels seen in this place.
 G = Mean time per level.
                   A        B        C        D        E       F      G
               +--------+--------+--------+--------+--------+-----+--------+
         Total |  18396 |  17016 |   1380 |    794 |  13668 |  13 | 1415.1 |
       Dungeon |  15631 |  14301 |   1330 |    685 |  11483 |  10 | 1563.1 |
        Temple |    151 |    101 |     50 |      0 |    100 |   1 |  151.0 |
          Lair |   1744 |   1744 |      0 |      0 |   1560 |   1 | 1744.0 |
        Bailey |    868 |    868 |      0 |    109 |    524 |   1 |  868.0 |
               +--------+--------+--------+--------+--------+-----+--------+

Top non-repeatable levels by time:
     D:3: 2157 daAuts
     D:8: 2047 daAuts
     D:7: 1963 daAuts
    D:10: 1774 daAuts
     D:2: 1754 daAuts
     D:5: 1745 daAuts
  Lair:1: 1744 daAuts
     D:6: 1402 daAuts
     D:4: 1239 daAuts
     D:1: 887 daAuts
  Bailey: 868 daAuts
     D:9: 657 daAuts
  Temple: 151 daAuts
